Map: King Sejong Station LE

Players

Miszu - Winner!

  • Race: Terran Terran
  • League: Master

Chris

  • Race: Protoss Protoss
  • League: Master

VOD

Have the link to the VOD?

Description

Time

  • Played on: July 1, 2016, 4:54 p.m.
  • Length: 8:21
Show
View Real Time Build Order
Export as new Build Order

Miszu Terran - Winner!

Build Orders: Reaper Expand 

Get SALT Encoding   

  12  0:00  SCV  
  13  0:13  SCV  
  14  0:17  Supply Depot  
  14  0:25  SCV  
  15  0:38  SCV  
  15  0:41  Barracks  
  16  0:44  Refinery  
  16  0:51  SCV  
  17  1:04  SCV  
  18  1:16  SCV  
  19  1:40  Reaper  
  19  1:41  Orbital Command  
  20  1:47  Command Center  
  20  1:59  Supply Depot  
  20  2:06  SCV  
  21  2:14  Factory  
  21  2:15  Refinery  
  21  2:19  SCV  
  22  2:24  Barracks Reactor  
  22  2:31  SCV  
  23  2:43  SCV  
  24  2:55  SCV  
  25  3:00  Starport  
  25  3:01  Marine x2  
  25  3:03  Orbital Command  
  27  3:07  SCV  
  28  3:17  Factory Tech Lab  
  28  3:19  SCV  
  29  3:20  Marine x2  
  31  3:28  Supply Depot  
  31  3:29  SCV  
  31  3:31  SCV  
  33  3:38  Marine x2  
  33  3:41  Widow Mine, SCV  
  35  3:42  Medivac  
  35  3:43  SCV  
  41  3:51  Supply Depot  
  41  3:53  SCV  
  42  3:56  SCV  
  42  4:01  Marine x2  
  45  4:05  SCV  
  45  4:08  SCV  
  47  4:10  Siege Tank  
  47  4:13  Liberator  
  47  4:16  Barracks  
  50  4:18  SCV  
  46  4:29  SCV  
  50  4:32  SCV  
  51  4:38  Barracks  
  51  4:41  SCV  
  51  4:42  Marine x2  
  51  4:45  SCV  
  55  4:47  Engineering Bay, Refinery  
  55  4:49  Supply Depot  
  55  5:00  Marine x2, SCV  
  55  5:03  SCV  
  55  5:06  Barracks Tech Lab  
  59  5:12  SCV  
  59  5:14  Starport Reactor  
  60  5:16  SCV  
  60  5:17  Supply Depot  
  60  5:18  Terran Infantry Weapons Level 1  
  60  5:21  Marine x2  
  63  5:24  SCV  
  63  5:25  Barracks Tech Lab, Stimpack  
  63  5:28  SCV  
  65  5:36  SCV  
  65  5:40  Supply Depot, SCV  
  67  5:44  Barracks  
  67  5:45  Barracks  
  67  5:47  Marine, Siege Tank  
  67  5:49  SCV  
  72  5:53  SCV  
  73  5:59  Refinery  
  73  6:01  SCV  
  73  6:02  Supply Depot  
  74  6:06  Marine x2, Marauder  
  78  6:11  SCV  
  78  6:13  Missile Turret  
  78  6:15  Marine  
  78  6:16  Medivac x2  
  84  6:22  Supply Depot  
  84  6:24  Marine  
  85  6:26  Supply Depot  
  85  6:27  Marine  
  85  6:29  Liberator  
  85  6:30  Barracks Reactor  
  85  6:32  Barracks Reactor  
  86  6:35  Marine, Marauder  
  86  6:36  Liberator  
  89  6:42  Marine  
  89  6:45  Marine  
  93  6:52  Supply Depot  
  97  6:57  SCV  
  97  6:59  Missile Turret  
  97  7:00  SCV  
  97  7:03  Marine  
  97  7:05  Marine  
  97  7:06  Marine x2  
  97  7:07  Marine x2  
  101  7:09  SCV  
  101  7:10  Supply Depot  
  101  7:12  Liberator  
  101  7:13  Marine x2  
  104  7:21  Marine  
  104  7:22  Siege Tank  
  108  7:23  Marine  
  112  7:30  Marine x3  
  112  7:31  Marine  
  103  7:53  Marine, Marauder  
  103  7:58  Marine  
  100  8:00  Marine x4  
Show
View Real Time Build Order
Export as new Build Order

Chris Protoss 

Build Orders: 1 Gate Expand, Oracle Opening 

Get SALT Encoding   

  12  0:01  Probe (Chrono Boost)  
  13  0:12  Probe (Chrono Boost)  
  14  0:17  Pylon  
  14  0:22  Probe (Chrono Boost)  
  15  0:35  Probe (Chrono Boost)  
  16  0:38  Gateway  
  16  0:46  Probe (Chrono Boost)  
  16  0:47  Assimilator  
  17  0:56  Probe (Chrono Boost)  
  18  1:07  Probe (Chrono Boost)  
  20  1:18  Probe (Chrono Boost)  
  20  1:31  Nexus  
  20  1:45  Cybernetics Core  
  20  1:48  Probe (Chrono Boost)  
  20  1:50  Assimilator  
  21  1:59  Pylon  
  21  2:01  Probe (Chrono Boost)  
  22  2:15  Probe (Chrono Boost)  
  23  2:23  Stalker  
  23  2:24  Warp Gate  
  23  2:26  Mothership Core (Chrono Boost)  
  23  2:29  Pylon  
  27  2:44  Probe x2 (Chrono Boost)  
  29  2:52  Stargate  
  29  2:54  Probe x2 (Chrono Boost)  
  31  3:05  Probe x2 (Chrono Boost)  
  33  3:15  Probe (Chrono Boost)  
  33  3:16  Probe (Chrono Boost)  
  33  3:18  Pylon  
  35  3:26  Probe x2 (Chrono Boost)  
  37  3:31  Robotics Facility  
  37  3:35  Oracle (Chrono Boost)  
  37  3:36  Probe (Chrono Boost)  
  37  3:38  Probe  
  42  3:42  Assimilator  
  42  3:46  Assimilator  
  42  3:47  Probe  
  42  3:50  Probe  
  42  3:54  Pylon  
  43  3:57  Probe  
  43  4:02  Probe  
  45  4:08  Probe  
  46  4:14  Probe  
  47  4:19  Probe  
  48  4:26  Probe  
  48  4:29  Observer (Chrono Boost)  
  48  4:31  Probe  
  51  4:38  Gateway  
  51  4:39  Probe  
  51  4:41  Gateway  
  51  4:42  Gateway  
  51  4:45  Twilight Council, Stalker, Pylon  
  54  4:50  Probe  
  54  4:51  Probe  
  56  4:56  Observer (Chrono Boost)  
  57  5:02  Pylon, Probe  
  57  5:03  Probe  
  59  5:11  Stalker  
  61  5:15  Probe x2  
  61  5:20  Phoenix  
  63  5:28  Blink (Chrono Boost), Immortal (Chrono Boost)  
  69  5:38  Stalker  
  69  5:39  Stalker x2  
  75  5:46  Probe x2  
  77  6:14  Immortal  
  77  6:16  Nexus  
  77  6:17  Pylon  
  81  6:19  Sentry  
  81  6:20  Sentry, Pylon  
  85  6:27  Pylon  
  85  6:28  Pylon  
  85  6:31  Pylon  
  85  6:36  Stalker  
  85  6:37  Stalker  
  88  6:52  Probe x2  
  90  7:03  Stalker x4  
  98  7:09  Robotics Bay  
  98  7:10  Robotics Facility  
  98  7:12  Observer (Chrono Boost)  
  99  7:18  Probe x2  
  101  7:27  Adept  
  101  7:28  Adept x3  
  109  7:30  Probe x2  
  79  7:54  Stalker x4  
  68  8:12  Gateway  
  68  8:15  Gateway  
  68  8:16  Gateway  
  68  8:19  Gateway  
Tags
 
Add a new tag
Caveats
  • Supply blocks, unpowered buildings, or Contaminate may cause inaccurate times.
  • Supply counts are checked every 10 seconds.